 Dungeon Crawl Stone Soup version 0.17-a0-802-g1f09329 (webtiles) character file.

9325 RobertPalmer the Sharpshooter (level 11, -1/57 HPs)
             Began as a Kobold Hunter on Apr 26, 2015.
             Was a High Priest of Okawaru.
             Slain by a spiny frog (19 damage)
             ... on level 1 of the Lair of Beasts.
             The game lasted 00:43:33 (16031 turns).

RobertPalmer the Sharpshooter (Kobold Hunter)      Turns: 16031, Time: 00:43:33

Health: -1/57      AC: 12    Str: 11    XL:     11   Next: 72%
Magic:  11/11      EV: 19    Int: 12    God:    Okawaru [*****.]
Gold:   217        SH:  0    Dex: 17    Spells: 0 memorised, 10 levels left

rFire  . . .     SeeInvis +     a - +3 dagger (venom)
rCold  + . .     Clarity  .     F - +0 ring mail {rC+}
rNeg   . . .     SustAb   .     (shield restricted)
rPois  .         Gourm    .     n - +0 helmet
rElec  .         Spirit   .     s - +2 cloak {MR+}
rCorr  .         Warding  .     h - +2 pair of gloves
rMut   .         Stasis   .     (no boots)
MR     +....                    R - amulet of faith {Faith, !P}
Stlth  ++........               G - +2 ring of evasion
                                o - ring of see invisible {sInv, !d}

@: lethally poisoned (-1 -> -10), somewhat resistant to hostile enchantments,
unstealthy
A: carnivore 3
a: Heroism, Finesse, Renounce Religion


You were on level 1 of the Lair of Beasts.
You worshipped Okawaru.
Okawaru was extremely pleased with you.
You were full.

You visited 2 branches of the dungeon, and saw 12 of its levels.
You also visited: Ossuary.

You collected 777 gold pieces.
You spent 560 gold pieces at shops.

Inventory:

Hand weapons
 a - a +3 dagger of venom (weapon)
   (You took it off a kobold on level 3 of the Dungeon)
 b - a +2 hand crossbow
 J - the +4 quick blade of Indomitability {pain, rElec Int+4}
   (You bought it in a shop on level 10 of the Dungeon)

   In the hands of one skilled in necromantic magic, it inflicts extra damage on
   living creatures.
   It affects your intelligence (+4).
   It insulates you from electricity.
 Q - the +4 rapier of the Manifold Suns {holy, Contam rF+ MP+9 Int-3}
   (Okawaru gifted it to you on level 1 of the Lair of Beasts)

   It has been blessed by the Shining One to cause great damage to the undead
   and demons.
   It affects your intelligence (-3).
   It protects you from fire.
   It affects your magic capacity (+9).
   It causes magical contamination when unequipped.
Missiles
 c - 15 bolts
 C - 2 throwing nets {=f, !d}
 K - 15 bolts of flame
Armour
 h - a +2 pair of gloves (worn)
   (You found it on level 1 of the Dungeon)
 n - a +0 helmet (worn)
   (You took it off Robin on level 2 of the Dungeon)
 s - a +2 cloak of magic resistance (worn)
   (You took it off Crazy Yiuf on level 3 of the Dungeon)
 F - a +0 ring mail of cold resistance (worn)
   (You bought it in a shop on level 8 of the Dungeon)
Jewellery
 g - an uncursed amulet of resist corrosion {unknown}
   (You found it on level 10 of the Dungeon)
 o - a ring of see invisible (left hand) {sInv, !d}
   (You found it on level 5 of the Dungeon)
 D - an uncursed ring of teleportation {+/*tele, !d}
   (You found it on level 8 of the Dungeon)
 G - a +2 ring of evasion (right hand)
   (You found it on level 8 of the Dungeon)
 M - an uncursed ring of fire {rF+, rC-}
   (You found it on level 10 of the Dungeon)
 R - an amulet of faith (around neck) {Faith, !P}
   (You found it on level 1 of the Lair of Beasts)
 S - an uncursed ring of protection from magic {unknown}
   (You found it on level 1 of the Lair of Beasts)
Magical devices
 e - a wand of teleportation (9)
   (You found it on level 4 of the Dungeon)
 i - a wand of enslavement (6)
   (You found it on level 5 of the Dungeon)
 t - a wand of digging (8)
   (You took it off Crazy Yiuf on level 3 of the Dungeon)
 w - a wand of cold (0)
   (You found it on level 4 of the Dungeon)
 I - a wand of cold (3)
   (You found it on level 9 of the Dungeon)
 P - a wand of paralysis (0)
   (You found it on level 10 of the Dungeon)
Scrolls
 y - a scroll of enchant armour
 A - 4 scrolls of teleportation
 E - a scroll of blinking {!r}
 O - a scroll of immolation {!r}
Potions
 d - 3 potions of mutation {unknown}
 f - 4 potions of brilliance
 j - 2 potions of lignification {!q}
 k - a potion of cancellation
 q - 3 potions of haste {unknown}
 r - a potion of flight
 u - 2 potions of magic
 z - a potion of curing
 N - a potion of ambrosia {!q}
Books
 v - a book of the Sky
   (You found it on level 7 of the Dungeon)
 H - a book of Transfigurations
   (You found it on level 8 of the Dungeon)
Miscellaneous
 B - a lamp of fire (inert)
   (You found it on level 9 of the Dungeon)
Comestibles
 l - 2 royal jellies
 m - 5 meat rations {@e2}
 p - 5 slices of pizza
 x - 5 beef jerkies


   Skills:
 - Level 2.1 Fighting
 - Level 10.7 Short Blades
 - Level 16.8 Crossbows
 + Level 6.6 Dodging
 - Level 1.3 Stealth


You had 10 spell levels left.
You didn't know any spells.

Dungeon Overview and Level Annotations

Branches:
Dungeon (11/15)            Temple (0/1) D:7            Lair (1/8) D:10
    Orc: D:9-12

Altars:
Ashenzari
Gozag
Makhleb
Okawaru
Sif Muna
Vehumet
Xom
Zin
The Shining One

Shops:
D:4 !   D:8 [   D:10 (

Annotations:
D:6 exclusion: slave, RobertPalmer's ghost, experienced KoHu
D:7 Armakuni's ghost, experienced HuWz
Lair:1 exclusion: 2 oklob plants, Fannar


Innate Abilities, Weirdness & Mutations

You are small and have problems with some larger weapons.
You are carnivorous and can eat meat at any time.


Message History

Your magical contamination has completely faded away.
You regained 4 hp, and now have 9/57 hp.
Unknown command.
Wear which item? (? for menu, Esc to quit)
You start removing your armour.
You continue taking off your +0 ring mail. x4
You finish taking off your +0 ring mail.
You start putting on your armour.
You continue putting on your +0 ring mail of cold resistance. x5
You finish putting on your +0 ring mail of cold resistance.
You feel resistant to cold.
You regained 2 hp, and now have 11/57 hp.
Drop what? 45/52 slots (_ for help) (? for menu, Esc to quit)
You drop a +0 ring mail.
You start resting.
A river rat comes into view.
You regained 20 hp, and now have 31/57 hp.
Unknown command.
The river rat moves out of view.
You are too injured to fight recklessly!
You are too injured to fight recklessly!
You are too injured to fight recklessly!
You hit the river rat.
The river rat is poisoned.
The river rat misses you.
You barely miss the river rat. You hit the river rat but do no damage.
The river rat looks even sicker.
The river rat completely misses you.
You hit the river rat but do no damage. You hit the river rat.
You kill the river rat!
Okawaru accepts your kill.
You start resting.
Health restored: 57 Unknown command.
A spiny frog comes into view.
The spiny frog moves out of view.
The spiny frog gives a loud, deep croak!
The spiny frog is too close now for your liking.
A spiny frog is nearby!
A spiny frog is nearby!
A spiny frog is nearby!
Your +3 dagger of venom stops dripping with poison.
b - a +2 hand crossbow (weapon)
Aim: a spiny frog You shoot a bolt.
The bolt hits the spiny frog!
Aim: a spiny frog (moderately wounded)
You shoot a bolt. The bolt barely misses the spiny frog.
Aim: a spiny frog (moderately wounded)
You shoot a bolt. The bolt hits the spiny frog!
Aim: a spiny frog (heavily wounded)
You shoot a bolt.
The bolt hits the spiny frog but does no damage.
It begins to drip with poison!
a - a +3 dagger of venom (weapon)
You hit the spiny frog but do no damage.
The spiny frog is poisoned.
The spiny frog closely misses you.
You barely miss the spiny frog. The spiny frog closely misses you.
The spiny frog stings you!
You are poisoned.
The spiny frog poisons you!
You take 8 damage, and have 49/57 hp.
You feel sick.
You take 2 damage, and have 47/57 hp.
You feel sick. The water moccasin barely misses you.
The spiny frog closely misses you.
You take 1 damage, and have 46/57 hp.
You feel sick.
You take 1 damage, and have 45/57 hp.
You feel sick. The water moccasin closely misses you.
You take 1 damage, and have 44/57 hp.
The spiny frog misses you.
You feel sick. The water moccasin bites you!
You are more poisoned.
The water moccasin poisons you!
You take 8 damage, and have 37/57 hp.
You hit the water moccasin but do no damage.
You feel sick.
You take 1 damage, and have 36/57 hp.
You hit the water moccasin.
You feel sick. The water moccasin misses you.
You take 1 damage, and have 35/57 hp.
You hit the water moccasin.
You feel sick.
The spiny frog looks more healthy.
The spiny frog barely misses you. The water moccasin closely misses you.
You take 1 damage, and have 34/57 hp.
You hit the spiny frog but do no damage.
The spiny frog is poisoned.
You hit the spiny frog but do no damage.
You feel sick.
The water moccasin bites you but does no damage.
The spiny frog closely misses you.
You take 1 damage, and have 33/57 hp.
You puncture the water moccasin!
You feel sick. The water moccasin misses you.
The spiny frog completely misses you.
You take 1 damage, and have 32/57 hp.
You hit the spiny frog but do no damage.
You hit the spiny frog.
You feel sick. The water moccasin misses you.
The spiny frog closely misses you.
You take 1 damage, and have 31/57 hp.
You hit the spiny frog but do no damage.
The water moccasin completely misses you.
You feel sick. The spiny frog stings you! The spiny frog stings you!!
You die...

##.... ##..##.
##..###. ##...# ##
####..#.# #
#.#..#.## # ####
###...#######
#[.####...)##$.....
##@S##........."...
#.F...............
##P...............
#####...........P
#.......PPPPP
##......P>$,P
#.....PPP.,,
#..../.PP,,,
#.......P,,,


You could see a spiny frog and a water moccasin.

Vanquished Creatures
  Erica (Lair:1)
  Pikel (D:6)
  A cyclops (D:10)
  2 trolls (D:10)
  A komodo dragon (D:10)
  A wyvern (D:10)
  4 yaks (Lair:1)
  A basilisk (Lair:1)
  A mottled dragon (D:10)
  A hungry ghost (D:7)
  3 water moccasins (Lair:1)
  A porcupine (Lair:1)
  6 wolves (Lair:1)
  A sky beast (D:8)
  2 orc warriors
  2 black bears
  A necrophage (D:5)
  A phantom (D:5)
  3 centaurs
  2 crocodiles
  5 ogres
  4 giant frogs
  2 big kobolds
  A gnoll sergeant (D:6)
  2 scorpions (D:4)
  A wyvern skeleton (D:9)
  7 killer bees
  3 orc priests
  5 crimson imps
  4 hounds
  11 orc wizards
  2 quasits (D:7)
  4 jellies
  3 giant frog skeletons
  Crazy Yiuf (D:3)
  2 human zombies (Ossuary)
  7 iguanas
  3 centaur skeletons
  17 worker ants
  3 big kobold zombies (Ossuary)
  2 hound zombies (Ossuary)
  A hound skeleton (D:8)
  4 mummies (Ossuary)
  2 worker ant zombies (D:10)
  Robin (D:2)
  12 gnolls
  16 river rats (Lair:1)
  8 shadow imps
  10 adders
  An adder zombie (Ossuary)
  An adder skeleton (D:5)
  3 worms
  7 giant geckos
  35 orcs
  14 bats
  3 bat skeletons
  5 giant cockroaches
  16 hobgoblins
  7 jackals
  29 kobolds
  4 ball pythons
  5 giant newts
  A giant spore (D:8)
  19 goblins
  A goblin zombie (Ossuary)
  A jackal skeleton (D:4)
  A jackal zombie (D:5)
  2 kobold zombies (Ossuary)
  An orc zombie (Ossuary)
  3 quokkas
  9 rats
  6 ballistomycetes (D:8)
353 creatures vanquished.

Vanquished Creatures (others)
  2 slaves (D:6)
  2 gnolls (D:6)
  A fungus (Lair:1)
5 creatures vanquished.

Grand Total: 358 creatures vanquished

Notes
Turn   | Place    | Note
--------------------------------------------------------------
     0 | D:1      | RobertPalmer, the Kobold Hunter, began the quest for the Orb.
     0 | D:1      | Reached XP level 1. HP: 12/12 MP: 1/1
   128 | D:1      | Reached skill level 1 in Short Blades
   148 | D:1      | Found a shimmering altar of Xom.
   396 | D:1      | Reached skill level 2 in Short Blades
   396 | D:1      | Reached XP level 2. HP: 9/17 MP: 2/2
   409 | D:1      | HP: 4/17 [poisoned by an adder]
   840 | D:1      | Reached skill level 3 in Short Blades
  1027 | D:1      | Reached XP level 3. HP: 21/21 MP: 3/3
  1352 | D:2      | Reached skill level 4 in Short Blades
  1443 | D:2      | Noticed Robin
  1632 | D:2      | Reached XP level 4. HP: 26/26 MP: 4/4
  1705 | D:2      | Killed Robin
  1882 | D:2      | Reached skill level 5 in Short Blades
  2213 | D:2      | Reached XP level 5. HP: 21/30 MP: 5/5
  2617 | D:2      | Reached skill level 6 in Short Blades
  3567 | D:3      | Noticed Crazy Yiuf
  3598 | D:3      | HP: 5/30 [Crazy Yiuf/quarterstaff of chaos (5)]
  3640 | D:3      | Killed Crazy Yiuf
  3640 | D:3      | Reached XP level 6. HP: 9/35 MP: 6/6
  4115 | D:4      | Reached skill level 7 in Short Blades
  4786 | D:4      | Reached skill level 8 in Short Blades
  4855 | D:4      | Reached XP level 7. HP: 36/40 MP: 7/7
  4901 | D:4      | Reached skill level 9 in Short Blades
  4950 | D:4      | Found a burning altar of Makhleb.
  5174 | D:4      | Found a radiant altar of Vehumet.
  5174 | D:4      | Found an iron altar of Okawaru.
  5176 | D:4      | Found an opulent altar of Gozag.
  5183 | D:4      | Found a glowing golden altar of the Shining One.
  5183 | D:4      | Found a deep blue altar of Sif Muna.
  5184 | D:4      | Found a glowing silver altar of Zin.
  5196 | D:4      | Became a worshipper of Warmaster Okawaru
  5256 | D:4      | Found Fyhom's Distillery.
  5258 | D:4      | Noticed an ice beast
  5264 | D:4      | Reached skill level 10 in Short Blades
  5467 | D:4      | Reached XP level 8. HP: 41/44 MP: 8/8
  5643 | D:5      | Entered Level 5 of the Dungeon
  5709 | D:5      | Reached skill level 5 in Crossbows
  6039 | D:5      | Reached skill level 6 in Crossbows
  6149 | D:5      | Acquired Okawaru's first power
  6149 | D:5      | Reached skill level 7 in Crossbows
  6335 | D:5      | Reached skill level 8 in Crossbows
  6425 | D:5      | Reached XP level 9. HP: 37/48 MP: 9/9
  6520 | D:6      | Noticed Pikel
  6603 | D:6      | Found a shattered altar of Ashenzari.
  6627 | D:6      | Reached skill level 9 in Crossbows
  6785 | D:6      | Found a sand-covered staircase.
  6791 | Ossuary  | Entered an ossuary
  6825 | Ossuary  | HP: 12/48 [big kobold zombie (4)]
  7069 | Ossuary  | Reached skill level 10 in Crossbows
  7445 | D:6      | Noticed RobertPalmer's ghost (experienced KoHu)
  7485 | D:6      | Killed Pikel
  7485 | D:6      | Reached skill level 11 in Crossbows
  7542 | D:5      | Upgraded the game from 0.17-a0-777-g32247ce to 0.17-a0-802-g1f09329
  8029 | D:7      | Reached skill level 12 in Crossbows
  8151 | D:7      | Noticed Armakuni's ghost (experienced HuWz)
  8610 | D:7      | Reached XP level 10. HP: 46/53 MP: 10/10
  8646 | D:7      | Found a staircase to the Ecumenical Temple.
  8844 | D:8      | Found Lachig's Antique Armour Boutique.
  8865 | D:8      | Bought a shiny ring mail for 140 gold pieces
  9032 | D:8      | Reached skill level 13 in Crossbows
 10099 | D:9      | Reached skill level 14 in Crossbows
 10207 | D:9      | You fall through a shaft for 2 floors!
 10217 | D:10     | Entered Level 10 of the Dungeon
 10817 | D:10     | Received a gift from Okawaru
 11180 | D:10     | Noticed a cyclops
 11194 | D:10     | Killed a cyclops
 11194 | D:10     | Reached skill level 15 in Crossbows
 11728 | D:10     | Found Jiamog's Antique Weapon Shoppe.
 11743 | D:10     | Bought a polished quick blade for 420 gold pieces
 11743 | D:10     | Identified the +4 quick blade of Indomitability {pain, rElec Int+4} (You bought it in a shop on level 10 of the Dungeon)
 12113 | D:10     | Reached XP level 11. HP: 30/57 MP: 11/11
 12886 | D:10     | Reached skill level 16 in Crossbows
 12940 | D:10     | HP: 14/57 [mottled dragon (4)]
 12977 | D:10     | HP: 14/57 [iguana (6)]
 12991 | D:10     | HP: 6/57 [iguana (11)]
 13462 | D:10     | Found a staircase to the Lair.
 13775 | Lair:1   | Entered Level 1 of the Lair of Beasts
 13956 | Lair:1   | HP: 14/57 [yak (4)]
 13962 | Lair:1   | HP: 10/57 [yak (12)]
 13975 | Lair:1   | Acquired Okawaru's second power
 14289 | Lair:1   | Reached skill level 3 in Dodging
 14302 | Lair:1   | HP: 14/57 [poisoned by a water moccasin]
 14308 | Lair:1   | HP: 11/57 [poisoned by a water moccasin]
 14314 | Lair:1   | HP: 9/57 [poisoned by a water moccasin]
 14320 | Lair:1   | HP: 8/57 [poisoned by a water moccasin]
 14327 | Lair:1   | HP: 8/57 [poisoned by a water moccasin]
 14749 | Lair:1   | Noticed an oklob plant
 14762 | Lair:1   | Noticed Erica
 14792 | Lair:1   | Killed Erica
 14792 | Lair:1   | Reached skill level 5 in Dodging
 14998 | Lair:1   | Noticed an oklob plant
 15166 | Lair:1   | Received a gift from Okawaru
 15167 | Lair:1   | Got a scorched rapier {god gift}
 15169 | Lair:1   | Identified the +4 rapier of the Manifold Suns {holy, Contam rF+ MP+9 Int-3} (Okawaru gifted it to you on level 1 of the Lair of Beasts)
 15214 | Lair:1   | Reached skill level 6 in Dodging
 15232 | Lair:1   | HP: 11/57 [wolf (10)]
 15699 | Lair:1   | Noticed Fannar
 15705 | Lair:1   | HP: 14/57 [oklob plant/splash of acid (9)]
 15705 | Lair:1   | HP: 4/57 [acid (10)]
 16031 | Lair:1   | Slain by a spiny frog

Action                   |  1- 3 |  4- 6 |  7- 9 | 10-12 || total
-------------------------+-------+-------+-------+-------++-------
Melee: Short sword       |   104 |   138 |       |       ||   242
       Dagger            |       |    88 |   479 |   850 ||  1417
       Quick blade       |       |       |       |    20 ||    20
       Rapier            |       |       |       |    45 ||    45
 Fire: Hand crossbow     |     5 |    34 |    48 |    45 ||   132
Evoke: Wand              |       |       |       |     7 ||     7
       Lamp of fire      |       |       |       |     1 ||     1
  Use: Scroll            |     2 |       |    15 |     9 ||    26
       Potion            |       |     3 |     4 |     8 ||    15
 Stab: Sleeping          |       |     3 |     4 |     3 ||    10
       Fleeing           |       |       |       |     1 ||     1
       Paralysed         |       |       |       |     1 ||     1
  Eat: Chunk             |     5 |     4 |     4 |    30 ||    43
       Meat ration       |     1 |     1 |       |       ||     2

Vault maps used:
D:1:      dpeg_arrival_houses_and_road, xom_teletrap_fun
D:2:      kennysheep_generic_room_2, uniq_robin
D:3:      first_bread, uniq_crazy_yiuf_cottage
D:4:      minmay_overflow_temple_hex, kennysheep_mini, serial_shops, shop
D:6:      enter_ossuary_1, evilmike_ruin_ashenzari, uniq_pikel
D:7:      minmay_temple_entry_nine_rooms
D:8:      serial_shops, nicolae_shop_competitors_out_of_business
D:10:     minmay_distorted_concentric_squares, erik_lair_dragon, serial_shops,
          nicolae_shop_statue_plus
D:11:     basic_altar, hangedman_stone_soup, minivault_27, lightli_swarmer,
          uniq_urug
Lair:1:   disabler_island, uniq_erica, uniq_fannar
Ossuary:  ossuary_minmay_tomb_2a

Table legend:
 A = Turns spent in this place as a percentage of turns spent in the entire game.
 B = Non-inter-level travel turns spent in this place as a percentage of non-inter-level travel turns spent in the entire game.
 C = Inter-level travel turns spent in this place as a percentage of turns spent in this place.
 D = Turns resting spent in this place as a percentage of non-inter-level travel turns spent in this place.
 E = Turns spent auto-exploring this place as a percentage of non-inter-level travel turns spent in this place.
 F = Non-inter-level travel turns spent in this place divided by the number of levels of this place that you've seen.
                   A       B       C       D       E      F
               +-------+-------+-------+-------+-------+----------------------
         Total | 100.0 | 100.0 |   0.4 |   1.5 |   4.7 | 529.5
       Dungeon |  83.7 |  83.6 |   0.4 |   1.3 |   5.4 | 523.5
          Lair |  11.5 |  11.5 |   0.0 |   3.6 |   2.0 | 795.0
       Ossuary |   4.8 |   4.8 |   0.0 |   0.6 |   0.0 | 331.0
               +-------+-------+-------+-------+-------+----------------------

Table legend:
 A = Kills in this place as a percentage of kills in entire the game.
 B = Kills by you in this place as a percentage of kills by you in the entire game.
 C = Kills by friends in this place as a percentage of kills by friends in the entire game.
 D = Other kills in this place as a percentage of other kills in the entire game.
 E = Experience gained in this place as a percentage of experience gained in the entire game.
 F = Experience gained in this place divided by the number of levels of this place that you have seen.
                   A       B       C       D       E      F
               +-------+-------+-------+-------+-------+----------------------
         Total | 100.0 | 100.0 |  -nan |  -nan | 100.0 | 1024.8
       Dungeon |  85.6 |  85.6 |  -nan |  -nan |  67.9 | 821.9
          Lair |   9.8 |   9.8 |  -nan |  -nan |  30.0 | 3997.0
       Ossuary |   4.6 |   4.6 |  -nan |  -nan |   2.1 | 284.0
               +-------+-------+-------+-------+-------+----------------------
